 Dungeon Crawl Stone Soup version 0.26-a0-365-g11c2b627af (webtiles) character file.

Game seed: 16925002597891660451

5263 Glokmah the Soothsayer (level 10, -12/79 HPs)
             Began as a Demonspawn Gladiator on July 19, 2020.
             Was a Priest of Nemelex Xobeh.
             Mangled by a very large slime creature (47 damage)
             ... on level 8 of the Dungeon.
             The game lasted 00:20:51 (8488 turns).

Glokmah the Soothsayer (Demonspawn Gladiator)       Turns: 8488, Time: 00:20:51

Health: -12/79     AC: 20    Str: 17    XL:     10   Next: 36%
Magic:  16/16      EV: 12    Int: 13    God:    Nemelex Xobeh [***...]
Gold:   407        SH:  0    Dex: 22    Spells: 8/11 levels left

rFire    + . .     SeeInvis .     - Unarmed
rCold    + . .     Faith    .   (no shield)
rNeg     . . .     Spirit   .   A - +7 chain mail of Beogh's Whim {Int+4}
rPois    .         Reflect  .   c - +2 helmet
rElec    .         Harm     .   D - scarf {rC+ rF+}
rCorr    .                      (gloves unavailable)
MR       +....                  (no boots)
Stlth    +.........             x - amulet of magic regeneration
HPRegen  0.23/turn              l - ring of protection from magic
MPRegen  0.40/turn              j - +6 ring of dexterity

@: no status effects
A: claws 3, repulsion field 1, nightstalker 2
a: Draw Escape, Draw Destruction, Draw Summoning, Triple Draw, Renounce Religion


You were on level 8 of the Dungeon.
You worshipped Nemelex Xobeh.
Nemelex Xobeh was most pleased with you.
You visited 1 branch of the dungeon, and saw 8 of its levels.

You collected 407 gold pieces.

Inventory:

Hand Weapons
 a - a +1 war axe
 b - a +2 short sword of venom
Missiles
 d - 3 throwing nets
 e - 39 poisoned darts (quivered)
 p - 4 javelins
 s - 2 atropa-tipped darts
Armour
 c - a +2 helmet (worn)
 n - a +1 robe of magic resistance
 y - a +3 chain mail of cold resistance
 A - the +7 chain mail of Beogh's Whim (worn) {Int+4}
   (You found it on level 6 of the Dungeon)

   It affects your intelligence (+4).
 D - a scarf of resistance (worn)
Jewellery
 g - an uncursed ring of see invisible
 j - a +6 ring of dexterity (right claw)
 l - a ring of protection from magic (left claw)
 w - an uncursed ring of magical power
 x - an amulet of magic regeneration (around neck)
Wands
 i - a wand of paralysis (7)
 o - a wand of iceblast (15)
 u - a wand of digging (5)
Scrolls
 f - 3 scrolls of teleportation
 r - 3 scrolls of remove curse
 v - 3 scrolls of enchant weapon
 z - a scroll of blinking {unknown}
 E - a scroll of random uselessness {unknown}
 F - a scroll of fear
Potions
 h - a potion of lignification {unknown}
 k - 4 potions of heal wounds
 m - a potion of haste {unknown}
 q - a potion of invisibility {unknown}
 t - 3 potions of curing
 B - a potion of flight {unknown}


   Skills:
 + Level 7.1 Fighting
 - Level 3.7 Axes
 - Level 3.0 Throwing
 - Level 5.0 Armour
 - Level 5.0 Dodging
 * Level 7.9 Unarmed Combat
 - Level 1.2 Spellcasting
 + Level 8.6 Invocations


You had 8 spell levels left.
You knew the following spells:

 Your Spells              Type           Power        Failure   Level
a - Beastly Appendage     Tmut           #.....       98%         1
b - Wereblood             Tmut           #.......     99%         2

Your spell library contained the following spells:

 Spells                   Type           Power        Failure   Level
 Apportation              Tloc           #.....       98%         1
 Gell's Gravitas          Tloc           #.........   100%        3
 Lesser Beckoning         Tloc           #.........   100%        3
 Portal Projectile        Hex/Tloc       #.....       100%        3
 Spider Form              Tmut/Pois      #.........   100%        3
 Tukima's Dance           Hex            #.......     100%        3
 Ice Form                 Ice/Tmut       #.......     100%        4
 Alistair's Intoxication  Tmut/Pois      #.......     100%        5
 Blade Hands              Tmut           #.........   100%        5
 Dispersal                Tloc           #.........   100%        6
 Invisibility             Hex            #.......     100%        6
 Controlled Blink         Tloc           N/A          100%        8
 Disjunction              Tloc           #.........   100%        8


Dungeon Overview and Level Annotations

Branches:
Dungeon (8/15)             Temple (0/1) D:5            Lair (0/6) D:8

Altars:
Ashenzari
Elyvilon
Nemelex Xobeh
Qazlal
Trog
Uskayaw
The Shining One

Shops:
D:7 *   D:8 !([*


Innate Abilities, Weirdness & Mutations

You have claws for hands.
You are surrounded by a mild repulsion field. (EV +2)
You are significantly more attuned to the shadows.


Message History

The large slime creature hits you!!
You claw the large slime creature!
The large slime creature is moderately wounded.
You claw the large slime creature!
The large slime creature is moderately wounded.
Two slime creatures merge to form a very large slime creature.
You draw a card...
You have drawn Wild Magic.
Nothing appears to happen.
You scratch the very large slime creature.
The very large slime creature is moderately wounded.
The very large slime creature closely misses you.
You draw a card...
You have drawn the Orb.
Press: ? - help, Shift-Dir - straight line, f - very large slime creature
Aim: a very large slime creature (moderately wounded)
The wavering orb of destruction weakly hits the very large slime creature!!
The very large slime creature is heavily wounded.
The very large slime creature hits you!!!
Ouch! That really hurt!
You die...
Your body glows slightly and disappears.

# #......#.........# #.#
#.. #
#.....###....#.#.###.#
##.
#####.##.#.............##
#. ..#
#..#..###..#.#.##...# #.
#.# #....####......##...#
#. #>#
#....)†..(##.####...# #.
#.# #..#########># ##.##
##. ..# #.†# #.# #.# #..
### #..# #######@# #.#
#.# ..... ......J.# #.#
#.# #.##..#########.# #.#
#.# # #..# ..#
#.########.# ....
#######..........#
......########## #####.#
#.# #.#


You could see a very large slime creature.

Vanquished Creatures
  A death yak (D:8)
  Prince Ribbit (D:6)
  Sigmund (D:2)
  3 wraiths (D:8)
  A water moccasin (D:7)
  A porcupine (D:8)
  A sky beast (D:7)
  A black bear (D:8)
  2 orc warriors (D:6)
  An ice beast (D:7)
  2 centaurs (D:6)
  4 bullfrogs
  3 scorpions
  6 killer bees
  3 wights (D:8)
  A howler monkey (D:6)
  A jelly (D:4)
  2 hounds
  5 orc wizards
  5 orc priests
  A bullfrog skeleton (D:7)
  2 centaur skeletons (D:7)
  Jessica (D:3)
  2 iguanas
  Ijyb (D:4)
  Natasha (twice) (D:3)
  5 worker ants
  3 hell rats (D:8)
  A hound zombie (D:6)
  Robin (D:3)
  2 worker ant zombies
  A howler monkey skeleton (D:7)
  9 adders
  2 river rats
  2 white imps
  An ufetubus (D:8)
  An adder zombie (D:8)
  2 worms
  3 dart slugs (D:1)
  7 leopard geckos
  18 orcs
  3 giant cockroaches
  9 hobgoblins
  16 jackals
  8 kobolds
  3 quokkas
  A ball python (D:2)
  11 bats
  8 frilled lizards
  12 goblins
  12 rats
195 creatures vanquished.

Vanquished Creatures (collateral kills)
  2 death yaks (D:8)
  The ghost of deyja the Ruffian, a novice TrAK of Lugonu (D:8)
  A wraith (D:8)
  A leopard gecko (D:1)
  A goblin (D:1)
  A jackal (D:1)
7 creatures vanquished.

Vanquished Creatures (others)
  An adder (D:2)
1 creature vanquished.

Grand Total: 203 creatures vanquished

Notes
Turn   | Place    | Note
-------+----------+-------------------------------------------
     0 | D:1      | Glokmah the Demonspawn Gladiator began the quest for the
                  | Orb.
     0 | D:1      | Reached XP level 1. HP: 16/16 MP: 1/1
     0 | D:1      | Noticed a tentacled monstrosity
     0 | D:1      | Noticed an orb of fire
     1 | D:1      | Noticed a large abomination
     1 | D:1      | Noticed an iron dragon
     3 | D:1      | Noticed a large abomination
     5 | D:1      | Noticed a large abomination
     6 | D:1      | Noticed a yellow draconian
     8 | D:1      | Noticed an iron dragon
    10 | D:1      | Noticed a golden dragon
    10 | D:1      | Noticed a large abomination
    12 | D:1      | Noticed an orb of fire
    14 | D:1      | Noticed an ice dragon
    14 | D:1      | Noticed an orb of fire
    14 | D:1      | Noticed a purple draconian
    17 | D:1      | Noticed a shadow dragon
    17 | D:1      | Noticed an orb of fire
    19 | D:1      | Noticed a tentacled monstrosity
    21 | D:1      | Noticed a tentacled monstrosity
    61 | D:1      | You fall into a shaft and drop 1 floor!
   355 | D:2      | Found a sparkling altar of Nemelex Xobeh.
   367 | D:2      | Became a worshipper of Nemelex Xobeh the Trickster
   387 | D:1      | Received a gift from Nemelex Xobeh
   391 | D:1      | Gained mutation: You have sharp fingernails. [demonic
                  | ancestry]
   391 | D:1      | Reached XP level 2. HP: 20/22 MP: 2/2
   588 | D:1      | Noticed a killer bee
   588 | D:1      | Noticed a killer bee
   589 | D:1      | Gained mutation: You are surrounded by a mild repulsion
                  | field. (EV +2) [demonic ancestry]
   589 | D:1      | Reached XP level 3. HP: 19/28 MP: 3/3
   595 | D:1      | Reached skill level 1 in Invocations
  1199 | D:1      | HP: 1/28 [worm (5)]
  1207 | D:1      | Gained mutation: You have very sharp fingernails. [demonic
                  | ancestry]
  1207 | D:1      | Reached XP level 4. HP: 6/34 MP: 5/5
  1532 | D:2      | Found a stormy altar of Qazlal.
  1674 | D:2      | Reached skill level 2 in Invocations
  2122 | D:2      | Noticed Sigmund
  2137 | D:2      | Killed Sigmund
  2137 | D:2      | Reached skill level 3 in Invocations
  2137 | D:2      | Gained mutation: You have claws for hands. [demonic
                  | ancestry]
  2137 | D:2      | Reached XP level 5. HP: 15/41 MP: 5/7
  2137 | D:2      | Reached XP level 6. HP: 18/47 MP: 5/8
  2828 | D:3      | Reached * piety under Nemelex Xobeh
  2960 | D:3      | Noticed Robin
  3093 | D:3      | Killed Robin
  3163 | D:3      | Received a gift from Nemelex Xobeh
  3426 | D:3      | Found a hide-covered altar of Uskayaw.
  3426 | D:3      | Noticed Natasha
  3435 | D:3      | Killed Natasha
  3603 | D:3      | Noticed Jessica
  3604 | D:3      | Killed Jessica
  3604 | D:3      | Reached skill level 1 in Unarmed Combat
  3671 | D:3      | Noticed Natasha
  3680 | D:3      | Killed Natasha
  4161 | D:4      | Found a shattered altar of Ashenzari.
  4228 | D:4      | Noticed Ijyb
  4232 | D:4      | Reached skill level 1 in Armour
  4232 | D:4      | Reached XP level 7. HP: 53/53 MP: 9/9
  4237 | D:4      | Killed Ijyb
  4323 | D:4      | Found a bloodstained altar of Trog.
  4323 | D:4      | Found a white marble altar of Elyvilon.
  4382 | D:5      | Entered Level 5 of the Dungeon
  4487 | D:5      | Found a staircase to the Ecumenical Temple.
  4610 | D:5      | Received a gift from Nemelex Xobeh
  4718 | D:5      | Reached ** piety under Nemelex Xobeh
  5032 | D:6      | Reached skill level 4 in Invocations
  5323 | D:6      | Noticed Prince Ribbit
  5327 | D:6      | Killed Prince Ribbit
  5327 | D:6      | Gained mutation: You are slightly more attuned to the
                  | shadows. [demonic ancestry]
  5327 | D:6      | Reached XP level 8. HP: 42/61 MP: 11/11
  5497 | D:6      | Learned a level 1 spell: Beastly Appendage
  5500 | D:6      | Learned a level 2 spell: Wereblood
  5555 | D:6      | Found a glowing golden altar of the Shining One.
  5615 | D:6      | Got a dazzling chain mail
  5616 | D:6      | Identified the +7 chain mail of Beogh's Whim {Int+4} (You
                  | found it on level 6 of the Dungeon)
  5643 | D:6      | Reached skill level 5 in Invocations
  5748 | D:6      | Reached skill level 1 in Spellcasting
  5835 | D:6      | Received a gift from Nemelex Xobeh
  6186 | D:7      | Received a gift from Nemelex Xobeh
  6187 | D:7      | Reached skill level 5 in Fighting
  6188 | D:7      | Reached skill level 5 in Dodging
  6303 | D:7      | Reached *** piety under Nemelex Xobeh
  6310 | D:7      | Reached skill level 6 in Invocations
  6317 | D:7      | Reached skill level 5 in Unarmed Combat
  6319 | D:7      | Reached XP level 9. HP: 62/68 MP: 13/13
  6616 | D:7      | Found Buagar's General Store.
  7114 | D:8      | Found Adwuw's Distillery.
  7459 | D:8      | Found a staircase to the Lair.
  7466 | D:8      | Noticed a death yak
  7466 | D:8      | Noticed a death yak
  7469 | D:8      | Noticed a death yak
  7482 | D:8      | Killed a death yak
  7482 | D:8      | Reached skill level 7 in Invocations
  7494 | D:8      | Killed a death yak
  7514 | D:8      | Killed a death yak
  7514 | D:8      | Gained mutation: You are significantly more attuned to the
                  | shadows. [demonic ancestry]
  7514 | D:8      | Reached XP level 10. HP: 49/77 MP: 15/15
  7524 | D:8      | Found Geda's Antique Armour Emporium.
  7529 | D:8      | Found Huunkaso's Assorted Antiques.
  7588 | D:8      | Found a runed translucent gate.
  7589 | D:8      | Found a runed translucent gate.
  7590 | D:8      | Found a runed translucent gate.
  7654 | D:8      | Reached skill level 5 in Armour
  7654 | D:8      | Reached skill level 8 in Invocations
  7764 | D:8      | Noticed deyja's ghost (novice TrAK)
  7777 | D:8      | Identified the +0 long sword of Dele {vorpal, Int+4}
  7799 | D:8      | Found Hurur's Antique Weapon Boutique.
  7813 | D:8      | Killed deyja's ghost
  8318 | D:8      | Received a gift from Nemelex Xobeh
  8488 | D:8      | Mangled by a very large slime creature

Illustrated notes

Levels and vault maps discovered:
D:1:      shiori_arrival_whats_in_store_for_you, layout_rooms,
          minmay_pentomino_o4
D:2:      layout_rooms, nemelex_altar_shiori, serial_co_window_serial,
          co_window_corner_a, co_window_paths_a, co_window_cross_1,
          co_window_corner_a, co_window_paths_a, co_window_paths_a,
          co_window_paths_b, co_window_2corner, co_window_corner_b,
          co_window_corner_b, co_window_corner_cb, co_window_unsneaky_path_c,
          glass_columns_a, glass_columns_b, glass_columns_a, glass_columns_c,
          grunt_qazlal_clouds, uniq_sigmund
D:3:      layout_loops_ring, lemuel_doored_altar, uniq_jessica, uniq_natasha,
          uniq_robin
D:4:      layout_basic, nicolae_overflow_hidden_temple, uniq_ijyb
D:5:      layout_cave_pods, minmay_temple_entry_junction
D:6:      layout_loops_ring, kennysheep_mini, uniq_prince_ribbit1
D:7:      lemuel_ice_spiral_2, layout_rooms, serial_shops, shop
D:8:      layout_loops_ring, kennysheep_little_box, dpeg_lair_monsters,
          gammafunk_ghost_spectres, serial_shops, shop, shop_fountains, shop,
          shop, shop

Skill      XL: |  1  2  3  4  5  6  7  8  9 10 |
---------------+-------------------------------+-----
Throwing       | 2 3 |  3.0
Dodging        | 3 4 5 |  5.0
Axes           | 3 |  3.7
Invocations    | 1 3 4 6 7 8 |  8.6
Fighting       | 3 4 5 6 7 |  7.1
Unarmed Combat | 1 3 5 7 |  7.9
Armour         | 1 2 3 4 5 |  5.0
Spellcasting   | 1 |  1.2

Action                   |  1- 3 |  4- 6 |  7- 9 | 10-12 || total
-------------------------+-------+-------+-------+-------++-------
Melee: War axe           |   110 |    98 |       |       ||   208
       Unarmed           |       |   131 |   250 |    54 ||   435
       Punch             |       |     3 |     4 |     2 ||     9
Invok: Draw Destruction  |     5 |       |    17 |     5 ||    27
       Draw Summoning    |     1 |       |     1 |     2 ||     4
       Draw Escape       |     1 |     1 |       |     2 ||     4
       Triple Draw       |       |       |       |     1 ||     1
  Use: Scroll            |     2 |    10 |     3 |     1 ||    16
       Potion            |     1 |       |       |       ||     1
 Stab: Sleeping          |     1 |     2 |       |       ||     3
Armor: Leather armour    |    38 |    42 |       |       ||    80
       Scale mail        |       |    26 |    36 |       ||    62
       Ring mail         |       |     9 |       |       ||     9
       Chain mail        |       |       |   109 |    35 ||   144
       Robe              |       |       |     1 |       ||     1
Dodge: Dodged            |   134 |   247 |   201 |    39 ||   621

Table legend: (Time is in decaauts)
 A = Elapsed time spent in this place.
 B = Non-inter-level travel time spent in this place.
 C = Inter-level travel time spent in this place.
 D = Time resting spent in this place.
 E = Time spent auto-exploring this place.
 F = Levels seen in this place.
 G = Mean time per level.
                   A        B        C        D        E       F      G
               +--------+--------+--------+--------+--------+-----+--------+
         Total |   8567 |   8317 |    250 |   2181 |   3864 |   8 | 1070.9 |
       Dungeon |   8567 |   8317 |    250 |   2181 |   3864 |   8 | 1070.9 |
               +--------+--------+--------+--------+--------+-----+--------+
